AoeStats
← Vasqueziano

Four Lakes

509559982Analyzed
1v1 RM · 6d ago on Sep 27, 2026· 68m 27s· 2 players
Game mode
Random Map
Map size
Tiny (2 player)
Population
200
Speed
Normal
Resources
Standard
Victory
Conquest
Starting age
Dark Age
Ending age
Imperial Age
RankedLock teamsTeams togetherTeam positionsShared explorationLock speedFull tech treeHidden civsTurbo modeCheats
Victory
Defeat
🇲🇽 Franks · Mexico
911
+14
🇳🇿 Byzantines · New Zealand
858
-14
Lidtang
9:55 Loom
12:27 Feudal Age
16:46 Castle Age
14:36 Fishing Lines
15:09 Double-Bit Axe
17:47 Stone Mining
20:33 Wheelbarrow
20:31 Husbandry
20:39 Scale Barding Armor
20:45 Forging
24:13 Gillnets
24:42 Bow Saw
25:08 Chain Barding Armor
25:23 Iron Casting
24:50 Gold Mining
28:04 Padded Archer Armor
29:56 Hand Cart
29:50 Elite Skirmisher
34:02 Imperial Age
34:11 Heavy Camel Rider
35:30 Fletching
36:24 Hoardings
38:45 Murder Holes
41:20 Light Cavalry
42:47 Hussar
45:06 Horse Collar
46:23 Leather Archer Armor
46:03 Bodkin Arrow
53:56 Conscription
54:49 Bodkin Arrow
55:25 Ring Archer Armor
56:43 Bracer
Vasqueziano
1:08 Loom
11:42 Feudal Age
12:27 Fishing Lines
15:02 Town Watch
16:27 Wheelbarrow
18:03 Double-Bit Axe
20:29 Castle Age
20:16 Fletching
22:40 Hand Cart
23:03 Husbandry
23:02 Bodkin Arrow
23:14 Scale Barding Armor
23:20 Forging
23:39 Bow Saw
23:39 Gillnets
26:33 Pikeman
27:49 Hand Cart
27:36 Town Patrol
29:21 Ballistics
28:57 Murder Holes
30:24 Squires
30:50 Fervor
33:45 Imperial Age
34:28 Chain Barding Armor
34:44 Iron Casting
35:56 Chemistry
34:59 Arson
35:39 Padded Archer Armor
36:01 Halberdier
39:36 Elite Skirmisher
44:09 Light Cavalry
45:19 Cavalier
47:28 Ordonnance Companies
54:31 Hoardings
54:14 Chivalry
55:55 Paladin
57:54 Conscription
60:43 Heavy Mounted Crossbowman
60:44 Cranequins
Connection lost

Rejoining the realm…

Still unreachable

The connection could not be restored.

Session expired

The server has moved on; the page needs a fresh start.